 Dungeon Crawl Stone Soup version 0.29.1-13-g9f3cf754e1 (webtiles) character file.

Game seed: 15994006828141869502

2900 FaviusArthum the Thaumaturge (level 9, -6/47 HPs)
             Began as a Deep Elf Conjurer on Jan 21, 2023.
             Was a Follower of Sif Muna.
             Killed from afar by an electric eel (14 damage)
             ... with a bolt of electricity
             ... on level 7 of the Dungeon.
             The game lasted 00:48:06 (10624 turns).

FaviusArthum the Thaumaturge (Deep Elf Conjurer)   Turns: 10624, Time: 00:48:07

Health: -6/47      AC: 11    Str:  6    XL:     9   Next: 49%
Magic:  18/25      EV: 13    Int: 26    God:    Sif Muna [*.....]
Gold:   36         SH:  0    Dex: 13    Spells: 19/28 levels left

rFire   . . .      SeeInvis .   L - +6 flail (protect)
rCold   . . .      Faith    .   (no shield)
rNeg    . . .      Spirit   .   G - +2 robe {Archmagi}
rPois   +          Reflect  .   D - +2 helmet
rElec   .          Harm     .   P - +0 cloak
rCorr   .          Rampage  .   E - +1 pair of gloves
Will    .....      Archmagi +   q - +0 pair of boots
Stlth   +++.......              (no amulet)
HPRegen 0.15/turn               W - ring of poison resistance
MPRegen 0.19/turn               e - +4 ring of slaying

@: no status effects
A: no striking features
a: Renounce Religion, Channel Magic


You were on level 7 of the Dungeon.
You worshipped Sif Muna.
Sif Muna was aware of your devotion.
You visited 2 branches of the dungeon, and saw 8 of its levels.

You collected 362 gold pieces.
You spent 326 gold pieces at shops.

Inventory:

Hand Weapons
 g - a +0 dagger
 t - a +0 war axe
 F - a +3 flail
 H - a +0 shortbow
 L - a +6 flail of protection (weapon)
 Q - a +3 spear
Missiles
 j - 22 poisoned darts
 n - 7 boomerangs
 V - a curare-tipped dart
Armour
 q - a +0 pair of boots (worn)
 C - an orb of wrath
 D - a +2 helmet (worn)
 E - a +1 pair of gloves (worn)
 G - a +2 robe of the Archmagi (worn)
 P - a +0 cloak (worn)
Magical Staves
 h - a staff of earth
Jewellery
 e - a +4 ring of slaying (right hand)
 f - a ring of protection from cold
 m - a ring of protection from fire
 o - an amulet of faith
 I - the ring of Cesey {rN+ Will+ Str+3}
   (You took it off an orc on level 5 of the Dungeon)

   [ring of willpower]

   Str:       It affects your strength (+3).
   rN:        It protects you from negative energy.
   Will:      It increases your willpower.
 S - a ring of protection from fire
 W - a ring of poison resistance (left hand)
Wands
 b - a wand of digging (5)
 v - a wand of roots (7)
 w - a wand of flame (43)
 N - a wand of polymorph (7)
Scrolls
 k - 2 scrolls of identify
 l - a scroll of fear
 u - a scroll of poison
 y - a scroll of immolation
 z - a scroll of amnesia
 J - a scroll of silence
 K - a scroll of enchant armour
 M - a scroll of magic mapping {unknown}
 U - 3 scrolls of enchant weapon {unknown}
Potions
 a - 2 potions of brilliance
 c - a potion of haste {unknown}
 d - a potion of flight {unknown}
 i - a potion of cancellation {unknown}
 p - a potion of degeneration {unknown}
 r - a potion of ambrosia {unknown}
 s - 4 potions of curing
 x - 2 potions of mutation {unknown}
 A - 4 potions of heal wounds {unknown}
 B - a potion of berserk rage {unknown}
 O - a potion of resistance {unknown}
 R - a potion of might {unknown}
 T - a potion of lignification {unknown}


   Skills:
 + Level 1.5 Fighting
 + Level 1.9 Short Blades
 + Level 0.2 Maces & Flails
 + Level 3.1 Ranged Weapons
 + Level 4.3 Dodging
 + Level 4.6 Stealth
 + Level 10.2 Spellcasting
 + Level 9.5 Conjurations
 - Level 5.7 Hexes
 + Level 1.3 Summonings
 + Level 0.4 Evocations


You had 19 spell levels left.
You knew the following spells:

 Your Spells              Type           Power      Damage    Failure   Level
a - Magic Dart            Conj           100%       1d8       1%          1
b - Searing Ray           Conj           100%       2d8       1%          2
c - Fulminant Prism       Conj/Hex       34%        3d16      1%          4
d - Call Imp              Summ           30%        N/A       3%          2

Your spell library contained the following spells:

 Spells                   Type           Power      Damage    Failure   Level
 Dazzling Flash           Conj/Hex       100%       N/A       1%          3
 Mephitic Cloud           Conj/Pois/Air  44%        N/A       3%          3
 Iskenderun's Mystic Bla  Conj/Tloc      54%        2d12      6%          4
 Sublimation of Blood     Necr           19%        N/A       7%          2
 Wereblood                Tmut           19%        N/A       7%          2
 Summon Hydra             Summ           15%        N/A       100%        7


Dungeon Overview and Level Annotations

Branches:
Dungeon (7/15)             Temple (1/1) D:5

Altars:
Ashenzari
Cheibriados
Dithmenos
Elyvilon
Fedhas
Gozag
Hepliaklqana
Kikubaaqudgha
Makhleb
Nemelex Xobeh
Okawaru
Qazlal
Ru
Sif Muna
Trog
Uskayaw
Vehumet
Xom
Zin
The Shining One

Shops:
D:6 ?   D:7 *


Message History

The bolt of electricity hits your fulminant prism.
Your fulminant prism resists.
Your fulminant prism explodes!
The blast of energy engulfs the plant!!!
The plant begins to die.
The plant is lightly damaged.
The blast of energy engulfs the electric eel!
The electric eel is almost dead.
Casting: Fulminant Prism (dangerous; 1% risk of failure)
Confirm with . or Enter, or press ? or * to list all spells.
Aiming: Fulminant Prism (dangerous; 1% risk of failure)
Press: ? - help, Dir - move target You feel a surge of power!
You conjure a prism of explosive energy!
A fulminant prism comes into view.
The electric eel shoots out a bolt of lightning at you!
The bolt of electricity hits your fulminant prism.
Your fulminant prism resists.
The bolt of electricity hits you!
A nearby plant withers and dies.
An electric eel comes into view.
The electric eel shoots out a bolt of lightning at you!
The bolt of electricity misses you.
Your fulminant prism crackles loudly.
The electric eel shoots out a bolt of lightning at you!
The bolt of electricity hits you!
* * * LOW HITPOINT WARNING * * *
The electric eel shoots out a bolt of lightning at you!
The bolt of electricity misses you.
Your fulminant prism explodes!
The blast of energy engulfs the electric eel!!
You kill the electric eel!
Sif Muna accepts your kill.
You hear a splash.
The electric eel shoots out a bolt of lightning at you!
The bolt of electricity hits you.
* * * LOW HITPOINT WARNING * * *
The electric eel shoots out a bolt of lightning at you!
The bolt of electricity hits you!
You die...

...#.....# ###### ...~~~
#.##.....# #...~♣##...P~~~~≈
.........# #..~~~##...~~~~~≈≈
.###.....###.#.~~#.....S~~~≈≈
...#####......~~~#....~†~~≈≈≈
.#.##.....##.#♣~.....~~~~~~≈≈
.#.##.###.##.###..#..~~~~~~≈~
##.....##.##.###......~~~~~~~
####..##.##....@....~~~~~~~~
#..#####...........####♣
#..#...#.....#..##...##
#####..'.∩.'.....##..###..#
#......#...#.....###....#.#
#.#...######.....# ####...#
..#.)<...#.......# #####
..##.#.#..)......#
........<..)######


You could see an electric eel.

Vanquished Creatures
  Pikel (D:4)
  A wyvern (D:7)
  Edmund (D:6)
  A water moccasin (D:7)
  A sky beast (D:7)
  2 ogres
  A centaur (D:5)
  A tengu (D:7)
  4 phantoms
  2 kobold brigands (D:7)
  A bullfrog (D:7)
  A necrophage (D:6)
  A scorpion (D:7)
  5 killer bees (D:7)
  6 electric eels (D:7)
  6 hounds
  Natasha (twice) (D:2)
  An iguana (D:5)
  2 orc wizards (D:6)
  Ijyb (D:3)
  Terence (D:2)
  Robin (D:3)
  5 gnolls
  7 adders
  A worm (D:3)
  3 dart slugs
  14 orcs
  10 ball pythons
  8 bats
  5 endoplasms
  3 giant cockroaches
  11 goblins
  9 hobgoblins
  A jackal (D:7)
  3 quokkas
  5 frilled lizards
  12 kobolds
  2 rats (D:3)
  A fulminant prism (D:7)
143 creatures vanquished.

Vanquished Creatures (others)
  45 fulminant prisms
  75 plants
120 creatures vanquished.

Grand Total: 263 creatures vanquished

Notes
Turn   | Place    | Note
-------+----------+-------------------------------------------
     0 | D:1      | FaviusArthum the Deep Elf Conjurer began the quest for the
                  | Orb.
     0 | D:1      | Reached XP level 1. HP: 10/10 MP: 6/6
   394 | D:1      | Reached XP level 2. HP: 15/15 MP: 6/8
   401 | D:1      | Learned a level 2 spell: Searing Ray
   517 | D:1      | Reached skill level 5 in Conjurations
   529 | D:1      | Noticed a floating eye
   530 | D:1      | Found a faded altar of an unknown god.
   534 | D:1      | Noticed an eye of devastation
   536 | D:1      | Noticed an eye of devastation
   536 | D:1      | Noticed an eye of devastation
  1130 | D:2      | Reached XP level 3. HP: 19/19 MP: 5/9
  1325 | D:2      | Found a snail-covered altar of Cheibriados.
  1328 | D:2      | Noticed Natasha
  1393 | D:2      | Noticed Terence
  1399 | D:2      | Killed Terence
  1648 | D:3      | Reached XP level 4. HP: 24/24 MP: 9/11
  1655 | D:3      | Learned a level 4 spell: Fulminant Prism
  2152 | D:3      | Reached skill level 4 in Spellcasting
  2347 | D:3      | Found a sacrificial altar of Ru.
  2366 | D:3      | Reached skill level 1 in Hexes
  2367 | D:3      | Noticed Ijyb
  2373 | D:3      | Noticed Robin
  2482 | D:4      | Noticed a lemure
  2482 | D:4      | Noticed a lemure
  2482 | D:4      | Noticed a lemure
  2714 | D:3      | HP: 1/24 [poisoned by Ijyb]
  3327 | D:3      | Killed Ijyb
  3561 | D:3      | Killed Robin
  3564 | D:3      | Reached XP level 5. HP: 28/28 MP: 3/13
  4399 | D:4      | Noticed a phantom
  4509 | D:4      | Killed a phantom
  4803 | D:4      | Noticed a phantom
  4834 | D:4      | Killed a phantom
  4835 | D:4      | Reached skill level 5 in Spellcasting
  4835 | D:4      | Reached XP level 6. HP: 26/32 MP: 4/15
  4934 | D:4      | Noticed Pikel
  5087 | D:4      | Killed Pikel
  5088 | D:4      | Reached skill level 1 in Short Blades
  5088 | D:4      | Reached skill level 6 in Spellcasting
  5088 | D:4      | Reached XP level 7. HP: 31/36 MP: 4/18
  5578 | D:2      | Killed Natasha
  5878 | D:2      | Noticed Natasha
  5881 | D:2      | Killed Natasha
  6467 | D:5      | Entered Level 5 of the Dungeon
  6484 | D:5      | Reached skill level 5 in Hexes
  6499 | D:5      | Reached XP level 8. HP: 41/41 MP: 5/20
  6945 | D:5      | Reached skill level 7 in Spellcasting
  7164 | D:5      | Found a staircase to the Ecumenical Temple.
  7173 | Temple   | Entered the Ecumenical Temple
  7357 | Temple   | Became a worshipper of Sif Muna the Loreminder
  7490 | D:5      | Identified the ring of Cesey {rN+ Will+ Str+3}
  7669 | D:5      | Learned a level 2 spell: Call Imp
  7866 | D:6      | Noticed Edmund
  8083 | D:6      | Found Ischobaoh's Magic Scroll Emporium.
  8091 | D:6      | Reached skill level 1 in Ranged Weapons
  8203 | D:6      | Bought a scroll of teleportation for 36 gold pieces
  8203 | D:6      | Bought a scroll of enchant armour for 90 gold pieces
  8255 | D:6      | Killed Edmund
  8256 | D:6      | Reached skill level 8 in Spellcasting
  8912 | D:7      | Reached skill level 1 in Fighting
  8958 | D:7      | Reached skill level 9 in Spellcasting
  8964 | D:7      | Reached skill level 1 in Summonings
  8964 | D:7      | Reached XP level 9. HP: 27/47 MP: 9/24
  9104 | D:7      | Reached * piety under Sif Muna
  9451 | D:7      | Reached skill level 10 in Spellcasting
 10454 | D:7      | Found Fumitish's Serpentskin Sales.
 10459 | D:7      | Bought a ring of poison resistance for 200 gold pieces
 10624 | D:7      | Killed from afar by an electric eel

Illustrated notes

Levels and vault maps discovered:
D:1:      lightli_arrival_noodles, layout_basic,
          hellmonk_ecumenical_altar_watching_god
D:2:      layout_rooms, basic_altar, uniq_terence, uniq_natasha
D:3:      kennysheep_six_static_rooms, layout_basic, lemuel_tele_altar,
          st_stairs_4, uniq_ijyb, uniq_robin
D:4:      layout_basic, serial_bayou_pond_b, minmay_misc_feat_hallway,
          kennysheep_donut, uniq_pikel
D:5:      layout_rooms, minmay_temple_entry_water_ring
D:6:      layout_cave_pools, serial_shops, shop, uniq_edmund
D:7:      layout_basic, serial_bayou, serial_bayou_pond_e,
          serial_bayou_lagoon_b, serial_bayou_shore_a, serial_bayou_lagoon_a,
          guppyfry_shop_venom
Temple:   nicolae_temple_bog_church

Skill      XL: |  1  2  3  4  5  6  7  8  9 |
---------------+----------------------------+-----
Conjurations   | 5 6 7 8 9 |  9.5
Spellcasting   | 4 5 6 9 10 | 10.2
Hexes          | 2 3 4 5 |  5.7
Stealth        | 3 4 |  4.6
Short Blades   | 1 |  1.9
Dodging        | 3 4 |  4.3
Ranged Weapons | 2 3 |  3.1
Fighting       | 1 |  1.5
Summonings     | 1 |  1.3
Maces & Flails | |  0.2
Evocations     | |  0.4

Action                   |  1- 3 |  4- 6 |  7- 9 || total
-------------------------+-------+-------+-------++-------
Melee: Dagger            |       |     8 |     2 ||    10
       Flail             |       |       |     6 ||     6
 Fire: Shortbow          |       |       |    10 ||    10
 Cast: Magic Dart        |    52 |    56 |    47 ||   155
       Searing Ray       |     8 |    34 |    48 ||    90
       Fulminant Prism   |       |     8 |    38 ||    46
       Call Imp          |       |       |     4 ||     4
Evoke: Wand              |       |     1 |     2 ||     3
  Use: Scroll            |       |     8 |     7 ||    15
       Potion            |       |     1 |     1 ||     2
Armor: Robe              |     2 |     6 |    17 ||    25
Dodge: Dodged            |     1 |    20 |    42 ||    63
